 Dungeon Crawl Stone Soup version 0.32-a0-132-g2d33c3cfaf (webtiles) character file.

Game seed: 14791795255432229272

85 PriceMaster the Firebug (level 4, -5/27 HPs)
             Began as an Octopode Fire Elementalist on Feb 10, 2024.
             Slain by Crazy Yiuf
             ... wielding a +4 quarterstaff of chaos
              (12 damage)
             ... on level 2 of the Dungeon.
             The game lasted 00:03:31 (3294 turns).

PriceMaster the Firebug (OpFE)                      Turns: 3294, Time: 00:03:31

Health: -5/27      AC:  1    Str:  7 (9)  XL:     4   Next: 48%
Magic:  4/8        EV: 13    Int: 16 (17) God:
Gold:   57         SH:  0    Dex:  9 (12) Spells: 2/8 levels left

rFire   . . .        c - +2 dagger (holy)
rCold   . . .        (no shield)
rNeg    . . .        (helmet restricted)
rPois   .            (no amulet)
rElec   .            (no ring)
rCorr   .            (no ring)
SInv    .            (no ring)
Will    .....        (no ring)
Stlth   +++          (no ring)
HPRegen 0.24/turn    (no ring)
MPRegen 0.11/turn    (no ring)
                     (no ring)

%: no passive effects
@: very slightly contaminated
A: almost no armour, amphibious, 8 rings, camouflage 1, gelatinous body 1,
(nimble swimmer 1), tentacles
a: no special abilities


You were on level 2 of the Dungeon.
You visited 1 branch of the dungeon, and saw 2 of its levels.

You collected 57 gold pieces.

Inventory:

Hand Weapons
 a - a +0 short sword
 c - a +2 dagger of holy wrath (weapon)
Scrolls
 b - 2 scrolls of identify {unknown}
 d - 2 scrolls of fear {unknown}
 f - a scroll of poison {unknown}
 h - a scroll of amnesia {unknown}
 i - a scroll of immolation {unknown}
 j - a scroll of vulnerability {unknown}
Potions
 g - a potion of brilliance {unknown}
 k - a potion of degeneration
 l - a potion of lignification {unknown}


   Skills:
 + Level 0.1 Fighting
 + Level 0.4 Short Blades
 + Level 2.1 Dodging
 + Level 3.4 Stealth
 + Level 2.6 Spellcasting
 + Level 1.6 Conjurations
 + Level 4.0 Fire Magic


You had 2 spell levels left.
You knew the following spells:

 Your Spells              Type           Power      Damage    Failure   Level
a - Foxfire               Conj/Fire      44%        2x1d6     6%          1
b - Scorch                Fire           28%        2d6       6%          2
c - Inner Flame           Hex/Fire       8%         N/A       26%         3

Your spell library contained the following spells:

 Spells                   Type           Power      Damage    Failure   Level
 Volatile Blastmotes      Fire/Tloc      16%        2d11      26%         3
 Flame Wave               Conj/Fire      11%        2d6       52%         4


Dungeon Overview and Level Annotations

Branches:
Dungeon (2/15)

Altars:
Okawaru

Annotations:
D:2 Crazy Yiuf


Innate Abilities, Weirdness & Mutations

You cannot wear most types of armour.
You are amphibious.
You can wear up to eight rings at the same time.
Your skin changes colour to match your surroundings (Stealth+).
Your rubbery body absorbs attacks. (AC +1, EV +1)
((You are camouflaged when in or above water. (Stealth+)))
You have tentacles for arms and can constrict up to eight enemies at once.


Message History

The endoplasm quivers.
The foxfire hits the endoplasm.
You kill the endoplasm!
l - a grey potion You open the door.
There is an open door here.
You enter the shallow water.
There is an open door here.
There is an open door here.
There is a stone staircase leading up here.
You see here a +0 hammer.
Could not explore, unopened runed door.
Could not explore, unopened runed door.
Could not explore, unopened runed door.
Okay, then.
You open the door.
Casting: Scorch (safe; 5% risk of failure)
Confirm with . or Enter, or press ? or * to list all spells.
Aiming: Inner Flame (extremely dangerous; 24% risk of failure)
Press: ? - help, Dir - move target, f - Crazy Yiuf
Aim: Crazy Yiuf, wielding a +4 quarterstaff of chaos and wearing a +0 cloak (wandering, hasn't noticed you, chance to affect: 67%) Crazy Yiuf is filled with an inner flame.
Casting: Inner Flame (extremely dangerous; 24% risk of failure)
Confirm with . or Enter, or press ? or * to list all spells.
You miscast Foxfire.
You are very lightly contaminated with residual magic.
Nothing appears to happen.
Crazy Yiuf hits you with a +4 quarterstaff of chaos!
Ouch! That really hurt!
Crazy Yiuf burns you.
* * * LOW HITPOINT WARNING * * *
You feel better.
Crazy Yiuf hits you with a +4 quarterstaff of chaos!
Crazy Yiuf freezes you.
* * * LOW HITPOINT WARNING * * *
It was a potion of degeneration.
There was something very wrong with that liquid.
You feel weakened.
You feel dopey.
You feel clumsy.
Crazy Yiuf hits you with a +4 quarterstaff of chaos!
You die...

# ##'## #......# #
##...## #......###
##.....# #.##.#...#
##.....## ########.##
###......# #..#
..'......# ♣♣♣♣♣###.#
###......# ###
♣♣♣.♣)...#.# ##.....#
#...#♣).♣..P....#
##....#
#...g@♣♣♣♣......#
#####...# #).)#♣♣
♣♣P...## #......##
### ♣♣#### #.###..#
#.###..##
##.#.....### ######
.........#.# #.##.#
#####......#####.##.#
##...#..........#


You could see Crazy Yiuf (inner flame).

Vanquished Creatures
  3 adders (D:2)
  3 ball pythons (D:1)
  3 bats (D:1)
  8 endoplasms
  A giant cockroach (D:2)
  4 goblins
  10 hobgoblins
  4 jackals (D:1)
  4 kobolds
  5 quokkas
  2 frilled lizards (D:1)
  2 rats
49 creatures vanquished.

Vanquished Creatures (others)
  83 foxfires
83 creatures vanquished.

Grand Total: 132 creatures vanquished

Notes
Turn   | Place    | Note
-------+----------+-------------------------------------------
     0 | D:1      | PriceMaster the Octopode Fire Elementalist began the quest
                  | for the Orb.
     0 | D:1      | Reached XP level 1. HP: 11/11 MP: 3/3
   196 | D:1      | Reached XP level 2. HP: 15/17 MP: 5/5
   416 | D:1      | Learned a level 2 spell: Scorch
   428 | D:1      | Reached XP level 3. HP: 17/21 MP: 0/6
  1089 | D:1      | Found an iron altar of Okawaru.
  1554 | D:2      | Reached XP level 4. HP: 24/27 MP: 0/7
  1558 | D:2      | Learned a level 3 spell: Inner Flame
  2898 | D:2      | Reached skill level 4 in Fire Magic
  3007 | D:2      | Found a runed translucent door.
  3008 | D:2      | Noticed Crazy Yiuf
  3294 | D:2      | Slain by Crazy Yiuf

Illustrated notes

Levels and vault maps discovered:
D:1:      dpeg_arrival_lava_altar, layout_basic, minmay_tripent
D:2:      wander_river, layout_loops_corners, uniq_crazy_yiuf_cottage

Skill      XL: |  1  2  3  4 |
---------------+-------------+-----
Stealth        | 3 |  3.4
Fire Magic     | 4 |  4.0
Fighting       | |  0.1
Short Blades   | |  0.4
Dodging        | |  2.1
Spellcasting   | |  2.6
Conjurations   | |  1.6

Action                     |  1- 3 |  4- 6 || total
---------------------------+-------+-------++-------
  Melee: Unarmed           |     1 |       ||     1
         Short sword       |    10 |       ||    10
         Dagger            |    21 |    11 ||    32
         Tentacles         |     7 |     5 ||    12
         Constrict         |     5 |     3 ||     8
   Cast: Foxfire           |    44 |     7 ||    51
         Scorch            |     6 |     6 ||    12
         Inner Flame       |       |     5 ||     5
    Use: Potion            |     3 |     2 ||     5
   Stab: Sleeping          |       |     1 ||     1
 Armour: Skin              |    26 |    11 ||    37
  Dodge: Dodged            |    32 |    13 ||    45

Table legend: (Time is in decaauts)
 A = Elapsed time spent in this place.
 B = Non-inter-level travel time spent in this place.
 C = Inter-level travel time spent in this place.
 D = Time resting spent in this place.
 E = Time spent auto-exploring this place.
 F = Levels seen in this place.
 G = Mean time per level.
                   A        B        C        D        E       F      G
               +--------+--------+--------+--------+--------+-----+--------+
         Total |   3292 |   3250 |     42 |   1090 |   1737 |   2 | 1646.0 |
       Dungeon |   3292 |   3250 |     42 |   1090 |   1737 |   2 | 1646.0 |
               +--------+--------+--------+--------+--------+-----+--------+

Top non-repeatable levels by time:
     D:2: 2151 daAuts
     D:1: 1141 daAuts
